 Dungeon Crawl Stone Soup version 0.28.0 (webtiles) character file.

Game seed: 10546497176893659671

7217 dolemite99 the Zephyrmancer (level 10, -3/77 HPs)
             Began as a Pale Draconian Conjurer on Feb 5, 2022.
             Was a Priest of Sif Muna.
             Slain by a seven-headed hydra (12 damage)
             ... on level 2 of the Lair of Beasts.
             The game lasted 00:27:22 (17484 turns).

dolemite99 the Zephyrmancer (DrCj)                 Turns: 17484, Time: 00:27:23

Health: -3/77      AC: 13    Str: 10    XL:     10   Next: 87%
Magic:  10/16      EV: 12    Int: 23    God:    Sif Muna [***...]
Gold:   491        SH:  5    Dex:  9    Spells: 2/17 levels left

rFire   . . .      SeeInvis .   b - +1 hunting sling (vorpal)
rCold   . . .      Faith    .   (no shield)
rNeg    . . .      Spirit   .   (armour unavailable)
rPois   .          Reflect  +   (helmet restricted)
rElec   .          Harm     .   D - +1 cloak {Will+}
rCorr   .          Rampage  .   o - +3 pair of gauntlets of War {Slay+5}
Will    +....                   (no boots)
Stlth   ++........              y - amulet of reflection
HPRegen 0.22/turn               (no ring)
MPRegen 0.15/turn               (no ring)

@: no status effects
A: breathe steam, AC +7, unfitting armour, cold-blooded, steam resistance
a: Breathe Steam, Renounce Religion, Channel Magic, Forget Spell


You were on level 2 of the Lair of Beasts.
You worshipped Sif Muna.
Sif Muna was most pleased with you.
You visited 2 branches of the dungeon, and saw 11 of its levels.

You collected 546 gold pieces.
You spent 42 gold pieces at shops.
You donated 13 gold pieces to Zin.

Inventory:

Hand Weapons
 a - the +2 quarterstaff "Zaiczauc" {freeze, Drain rF+ Will+}
   (You found it on level 7 of the Dungeon)

   It freezes those it strikes, dealing additional cold damage.
   It can also slow down cold-blooded creatures.
   rF:        It protects you from fire.
   Drain:     It drains your maximum health when unequipped.
   Will:      It increases your willpower.
 b - a +1 vorpal hunting sling (weapon)
 i - a +0 dagger
 E - a +0 shortbow
 K - a +0 scimitar
 M - a +0 hunting sling
Missiles
 c - 266 arrows
 e - 323 stones
 j - 19 sling bullets (quivered ammo)
 l - 29 poisoned darts
 u - 2 throwing nets
 x - 4 javelins
Armour
 o - the +3 pair of gauntlets of War (worn) {Slay+5}
   (You acquired it on level 3 of the Dungeon)

   Slay:      It affects your accuracy & damage with ranged weapons and melee
   (+5).
 D - a +1 cloak of willpower (worn)
Jewellery
 t - a +6 ring of dexterity
 y - an amulet of reflection (around neck)
 J - a ring of see invisible
Wands
 s - a wand of polymorph (9)
 v - a wand of paralysis (13)
 C - a wand of iceblast (10)
 F - a wand of flame (11)
 H - a wand of charming (5)
Scrolls
 d - 3 scrolls of vulnerability
 w - 4 scrolls of teleportation
 G - a scroll of brand weapon
Potions
 f - 3 potions of lignification
 g - 2 potions of berserk rage {unknown}
 h - 2 potions of degeneration
 k - 3 potions of heal wounds
 m - 6 potions of curing
 n - a potion of haste {unknown}
 p - 2 potions of cancellation
 q - 2 potions of brilliance {unknown}
 r - a potion of magic {unknown}
 z - a potion of resistance {unknown}
 A - a potion of flight {unknown}
 B - a potion of attraction {unknown}


   Skills:
 - Level 3.3 Fighting
 - Level 3.3 Dodging
 - Level 1.7 Stealth
 - Level 4.0 Spellcasting
 - Level 7.3 Conjurations
 + Level 4.9 Hexes
 - Level 9.0 Air Magic
 - Level 7.9 Poison Magic
 - Level 7.4 Invocations


You had 2 spell levels left.
You knew the following spells:

 Your Spells              Type           Power      Damage    Failure   Level
a - Poisonous Vapours     Pois/Air       86%        N/A       1%          2
b - Searing Ray           Conj           76%        2d7       1%          2
c - Olgreb's Toxic Radia  Pois           41%        N/A       4%          4
d - Dazzling Flash        Conj/Hex       64%        N/A       2%          3
e - Fulminant Prism       Conj/Hex       16%        3d11      9%          4

Your spell library contained the following spells:

 Spells                   Type           Power      Damage    Failure   Level
 Magic Dart               Conj           100%       1d8       1%          1
 Sting                    Tmut/Pois      88%        1d7       1%          1
 Summon Guardian Golem    Hex/Summ       15%        N/A       12%         3
 Summon Lightning Spire   Summ/Air       25%        N/A       16%         4
 Silence                  Hex/Air        18%        N/A       17%         5
 Iskenderun's Mystic Bla  Conj/Tloc      21%        2d6       22%         4
 Gell's Gravitas          Tloc           4%         N/A       30%         3
 Lesser Beckoning         Tloc           4%         N/A       30%         3
 Teleport Other           Tloc           4%         N/A       30%         3
 Orb of Destruction       Conj           19%        9d8       99%         7
 Spellforged Servitor     Conj/Summ      10%        N/A       100%        7


Dungeon Overview and Level Annotations

Branches:
Dungeon (9/15)             Temple (0/1) D:7            Lair (1/6) D:9
    Orc: D:9-12

Altars:
Kikubaaqudgha
Qazlal
Sif Muna
Xom
Zin

Shops:
D:2 (   D:6 *

Annotations:
D:3 2 transporters
D:4 Sigmund
D:5 2 transporters


Innate Abilities, Weirdness & Mutations

You can breathe blasts of scalding, opaque steam.
Your pale cyan-grey scales are hard. (AC +7)
You cannot fit into any form of body armour.
You are cold-blooded and may be slowed by cold attacks.
You are immune to the effects of steam.


Message History

The seven-headed hydra is dazzled.
The seven-headed hydra is engulfed in a cloud of scalding steam.
The seven-headed hydra bites you. The seven-headed hydra bites you!
The seven-headed hydra misses you.
The seven-headed hydra completely misses you.
The seven-headed hydra bites you!
You block the seven-headed hydra's attack.
The seven-headed hydra bites you.
The seven-headed hydra is engulfed in a cloud of scalding steam.
The seven-headed hydra is no longer blind.
You have got your breath back.
Casting: Dazzling Flash (mildly dangerous; 2% risk of failure)
Confirm with . or Enter, or press ? or * to list all spells.
Aiming: Searing Ray (safe; 1% risk of failure)
Press: ? - help, Shift-Dir - straight line, f - seven-headed hydra
Aim: a seven-headed hydra (moderately wounded, 93% to hit)
The searing ray hits the seven-headed hydra!
The seven-headed hydra is heavily wounded. (Press . to maintain the ray.)
The seven-headed hydra bites you but does no damage.
The seven-headed hydra bites you. The seven-headed hydra bites you!
The seven-headed hydra bites you but does no damage.
The seven-headed hydra bites you.
The seven-headed hydra barely misses you.
You block the seven-headed hydra's attack.
The searing ray hits the seven-headed hydra.
The seven-headed hydra is heavily wounded.
You block the seven-headed hydra's attack.
The seven-headed hydra bites you. x2
You block the seven-headed hydra's attack.
The seven-headed hydra bites you!
* * * LOW HITPOINT WARNING * * *
The seven-headed hydra bites you but does no damage.
The seven-headed hydra closely misses you.
The searing ray hits the seven-headed hydra.
The seven-headed hydra is heavily wounded.
The seven-headed hydra bites you!
* * * LOW HITPOINT WARNING * * *
The seven-headed hydra bites you!
You die...

## #####
#P#####..##P#.P# .
....... ....... ..
....##.#.....# ...
..#.#.#....#####
.... #...+......#..#
..... #...##@.......
...§.§#....D.....##.
.....?.....#....##
.....##...##....##
... #....#....P# .
##.#.....PP#
..####........ ....
.......... ......
...........


You could see a seven-headed hydra.

Vanquished Creatures
  Harold (D:7)
  A hydra (D:9)
  Joseph (D:7)
  2 centaur zombies
  Maggie (D:7)
  2 komodo dragons (Lair:1)
  2 dream sheep (D:9)
  A shadow (D:7)
  A wraith (D:8)
  2 steam dragons
  A water moccasin (D:8)
  2 orc warriors
  3 ice beasts
  2 ogres
  3 centaurs
  A phantom (D:6)
  7 kobold brigands
  A gnoll sergeant (D:7)
  4 bullfrogs
  11 wights
  4 electric eels (D:8)
  2 howler monkeys
  4 hounds
  A gnoll shaman (D:5)
  5 orc priests
  A bullfrog skeleton (D:5)
  A jelly (D:6)
  Crazy Yiuf (D:7)
  2 iguanas
  10 orc wizards
  A hound zombie (D:5)
  A hound skeleton (D:4)
  13 gnolls
  A howler monkey skeleton (D:4)
  8 adders
  A shadow imp (D:5)
  A white imp (D:7)
  An ufetubus (D:5)
  4 worms
  2 dart slugs (D:2)
  30 orcs
  9 ball pythons
  3 endoplasms
  3 giant cockroaches
  8 goblins
  11 hobgoblins
  7 jackals
  5 quokkas
  7 bats
  6 frilled lizards
  27 kobolds
  10 rats
239 creatures vanquished.

Vanquished Creatures (others)
  A kobold (D:9)
  3 fungi (Lair:1)
  6 plants
10 creatures vanquished.

Grand Total: 249 creatures vanquished

Notes
Turn   | Place    | Note
-------+----------+-------------------------------------------
     0 | D:1      | dolemite99 the Draconian Conjurer began the quest for the
                  | Orb.
     0 | D:1      | Reached XP level 1. HP: 14/14 MP: 3/3
   111 | D:1      | Found a faded altar of an unknown god.
   240 | D:1      | Prayed at the altar of an unknown god.
   240 | D:1      | Became a worshipper of Zin the Law-Giver
   240 | D:1      | Reached * piety under Zin
   273 | D:1      | Reached XP level 2. HP: 20/20 MP: 1/5
   671 | D:1      | Learned a level 2 spell: Searing Ray
  1087 | D:1      | Reached XP level 3. HP: 27/27 MP: 1/6
  1440 | D:1      | Reached skill level 1 in Fighting
  2169 | D:2      | Learned a level 3 spell: Dazzling Flash
  2245 | D:2      | Reached skill level 5 in Conjurations
  2351 | D:2      | Found an ancient bone altar of Kikubaaqudgha.
  2753 | D:2      | Reached XP level 4. HP: 35/35 MP: 3/7
  3666 | D:2      | Found Kepp's Antique Weapon Shoppe.
  3693 | D:2      | Bought a hunting sling for 42 gold pieces
  4055 | D:3      | Reached ** piety under Zin
  4116 | D:3      | You fall into a shaft and drop 1 floor!
  4134 | D:4      | Reached XP level 5. HP: 36/42 MP: 2/8
  4480 | D:3      | Found a transporter.
  4529 | D:3      | Found a transporter.
  4541 | D:3      | Identified a scroll of acquirement
  4541 | D:3      | Acquired the +3 pair of gauntlets of War {Slay+5}
  4541 | D:3      | Found the +3 pair of gauntlets of War {Slay+5}
  4962 | D:3      | Reached XP level 6. HP: 40/51 MP: 1/9
  5256 | D:3      | Found a shimmering blue altar of Sif Muna.
  5457 | D:3      | Fell from the grace of Zin
  5457 | D:3      | Became a worshipper of Sif Muna the Loreminder
  5644 | D:3      | Learned a level 2 spell: Poisonous Vapours
  6303 | D:4      | Reached skill level 1 in Air Magic
  6303 | D:4      | Reached skill level 1 in Poison Magic
  6732 | D:4      | Noticed Sigmund
  7034 | D:5      | Entered Level 5 of the Dungeon
  7048 | D:4      | Reached skill level 2 in Air Magic
  7474 | D:5      | Your scales start taking on a pale cyan-grey colour.
  7474 | D:5      | Reached XP level 7. HP: 41/57 MP: 5/10
  7474 | D:5      | Gained mutation: You are immune to the effects of steam.
                  | [Pale Draconian growth]
  7572 | D:5      | Reached skill level 3 in Air Magic
  7947 | D:5      | Reached skill level 4 in Air Magic
  8002 | D:5      | Reached * piety under Sif Muna
  8455 | D:5      | Found a transporter.
  8569 | D:5      | Reached skill level 5 in Air Magic
  8569 | D:5      | Reached XP level 8. HP: 36/63 MP: 5/11
  8714 | D:5      | Found a stormy altar of Qazlal.
  9071 | D:5      | Found a transporter.
  9270 | D:6      | Reached skill level 6 in Air Magic
 10373 | D:6      | Found Noegafyr's Serpentskin Sales.
 10773 | D:6      | Reached XP level 9. HP: 60/70 MP: 9/12
 11045 | D:6      | Learned a level 4 spell: Olgreb's Toxic Radiance
 11120 | D:7      | Reached skill level 5 in Poison Magic
 11134 | D:7      | Noticed Harold
 12088 | D:7      | Found a runed translucent door.
 12089 | D:7      | Noticed Crazy Yiuf
 12097 | D:7      | Killed Crazy Yiuf
 12169 | D:7      | Reached ** piety under Sif Muna
 12209 | D:7      | Reached skill level 7 in Air Magic
 12216 | D:7      | Noticed Maggie
 12225 | D:7      | Killed Maggie
 12226 | D:7      | Reached skill level 5 in Invocations
 12883 | D:7      | Found a staircase to the Ecumenical Temple.
 13763 | D:7      | Noticed Joseph
 13764 | D:7      | Killed Harold
 13765 | D:7      | Reached skill level 8 in Air Magic
 13765 | D:7      | Reached XP level 10. HP: 36/77 MP: 5/14
 14073 | D:7      | Killed Joseph
 14190 | D:7      | Identified the +2 quarterstaff "Zaiczauc" {freeze, Drain
                  | rF+ Will+}
 15596 | D:8      | Reached skill level 9 in Air Magic
 16106 | D:9      | Reached *** piety under Sif Muna
 16488 | D:9      | Found a shimmering altar of Xom.
 16789 | D:9      | Learned a level 4 spell: Fulminant Prism
 16823 | D:9      | Noticed a three-headed hydra
 16828 | D:9      | Killed a three-headed hydra
 17100 | D:9      | Got the Tome of Entrancing Air
 17128 | D:9      | Found a staircase to the Lair.
 17132 | Lair:1   | Entered Level 1 of the Lair of Beasts
 17467 | Lair:1   | You fall into a shaft and drop 1 floor!
 17474 | Lair:2   | Noticed a seven-headed hydra
 17484 | Lair:2   | Slain by a seven-headed hydra

Illustrated notes

Levels and vault maps discovered:
D:1:      beargit_arrival_greenhouse, layout_loops_cross,
          ebering_ecumenical_altar_abandoned, serial_park_tiny_pond,
          minivault_25, serial_bayou_pond_b
D:2:      layout_basic, serial_shops, shop, basic_altar, minmay_diced_spiral
D:3:      gammafunk_steamed_eel, layout_loops_ring, led_sif_pool,
          hangedman_decor_slide_cut, nrook_uturn, st_stairs_1
D:4:      layout_basic, uniq_sigmund
D:5:      gammafunk_wand_slinger, layout_loops_ring,
          nicolae_qazlal_scattered_showers, grunt_ministairs_5,
          kennysheep_big_empty_room, hangedman_abyss_or_decor_passed
D:6:      layout_basic, guppyfry_shop_venom
D:7:      layout_rooms, minmay_temple_entry_grid, serial_park_tiny_1,
          uniq_maggie, uniq_joseph, uniq_crazy_yiuf_cottage, uniq_harold
D:8:      layout_cave_pools, kennysheep_boxes
D:9:      layout_long_grid, general_overflow_altar, lair_entry_dummy,
          hangedman_ranch
Lair:1:   beast_lair_carwin_large_4, layout_hall_layers
Lair:2:   layout_regular_city, elwin_shoals_entry_rocks

Skill      XL: |  1  2  3  4  5  6  7  8  9 10 |
---------------+-------------------------------+-----
Dodging        | 2 3 |  3.3
Fighting       | 1 2 3 |  3.3
Conjurations   | 5 6 7 |  7.3
Air Magic      | 2 5 6 8 9 |  9.0
Poison Magic   | 2 4 7 |  7.9
Invocations    | 2 4 6 7 |  7.4
Spellcasting   | 4 |  4.0
Hexes          | 4 |  4.9
Stealth        | |  1.7

Action                   |  1- 3 |  4- 6 |  7- 9 | 10-12 || total
-------------------------+-------+-------+-------+-------++-------
Melee: Unarmed           |    27 |       |       |       ||    27
       Dagger            |    15 |     5 |       |       ||    20
       Tailslap          |     7 |     3 |       |       ||    10
       Scimitar          |       |     9 |       |       ||     9
 Fire: Hunting sling     |       |    85 |   203 |    75 ||   363
 Cast: Magic Dart        |    72 |    29 |       |       ||   101
       Searing Ray       |     2 |    30 |    26 |    11 ||    69
       Poisonous Vapours |       |     2 |    47 |    30 ||    79
       Olgreb's Toxic Ra |       |       |     3 |     3 ||     6
       Dazzling Flash    |       |       |       |     1 ||     1
Invok: Channel Magic     |       |       |     1 |       ||     1
 Abil: Breathe Steam     |       |       |    10 |     4 ||    14
Evoke: Wand              |       |       |     5 |     6 ||    11
  Use: Scroll            |       |     7 |    10 |     4 ||    21
Armor: Skin              |    29 |    37 |    85 |    22 ||   173
Dodge: Dodged            |    73 |    53 |   112 |    35 ||   273
Block: Other             |       |       |    15 |    14 ||    29
       Reflection        |       |       |     6 |     6 ||    12
